 Dungeon Crawl Stone Soup version 0.32-a0-599-gba8f9cf90e (console) character file.

Game seed: 9366625526001987718

128668 jejorda2 the Impaler (level 17, -3/208 HPs)
             Began as a Coglin Berserker on Mar 2, 2024.
             Was a High Priest of Trog.
             Slain by a redback (8 damage)
             ... on level 2 of the Spider Nest.
             The game lasted 01:14:44 (25528 turns).

jejorda2 the Impaler (Coglin Berserker)            Turns: 25528, Time: 01:14:45

Health: -3/208     AC: 22    Str: 29    XL:     17   Next: 3%
Magic:  17/17      EV: 10    Int:  6    God:    Trog [*****.]
Gold:   1761       SH:  0    Dex:  9    Spells: 16/16 levels left

rFire   + . .        a - +7 trident {Miranda}
rCold   + . .        k - +5 trident (venom) {Fuyuko}
rNeg    . . .        J - +1 chain mail "Opul" {rF+ rC+ Dex-5}
rPois   +            y - +0 helmet
rElec   .            O - +0 cloak {Stlth+}
rCorr   +            o - +2 pair of gloves {Str+3}
SInv    .            q - +2 pair of boots
Will    +....        (amulet unavailable) Stlth
                     (ring unavailable)
HPRegen 0.54/turn    (ring unavailable)
MPRegen 0.15/turn    x - secondary encabulator {Gadgeteer, rPois rCorr Slay+3}

%: no passive effects
@: berserking (expiring), lethally poisoned (-3 -> -18), marked, spiked, revved,
very quick
A: off-hand wielding, slow wielding, warmup strikes, no jewellery
a: Renounce Religion, Berserk, Trog's Hand, Brothers in Arms


You were on level 2 of the Spider Nest.
You worshipped Trog.
Trog was extremely pleased with you.
You visited 4 branches of the dungeon, and saw 24 of its levels.
You also visited: Bailey.

You collected 3073 gold pieces.
You spent 1312 gold pieces at shops.

Inventory:

Hand Weapons
 a - a +7 trident (weapon) {Miranda}
 k - a +5 trident of venom (offhand) {Fuyuko}
Missiles
 l - 52 poisoned darts (quivered)
 n - 21 boomerangs
 t - 6 javelins
 w - 8 curare-tipped darts
 E - 2 throwing nets
 I - 6 atropa-tipped darts
Armour
 o - a +2 pair of gloves of strength (worn)
 q - a +2 pair of boots (worn)
 y - a +0 helmet (worn)
 J - the +1 chain mail "Opul" (worn) {rF+ rC+ Dex-5}
   (You found it on level 12 of the Dungeon)

   Dex-5:     It affects your dexterity (-5).
   rF+:       It protects you from fire.
   rC+:       It protects you from cold.
 O - a +0 cloak of stealth (worn)
Gizmo
 x - a secondary encabulator (installed) {Gadgeteer, rPois rCorr Slay+3}
   (You invented it yourself on level 4 of the Lair of Beasts)

   [secondary encabulator]

   Gadgeteer: Your evocable items recharge 30% faster and wands have a 30%
   chance to not spend a charge.
   Slay+3:    It affects your accuracy & damage with ranged weapons and melee
   (+3).
   rPois:     It protects you from poison.
   rCorr:     It protects you from acid and corrosion.
Wands
 g - a wand of digging (6)
 m - a wand of quicksilver (13)
 A - a wand of paralysis (12)
 G - a wand of iceblast (10)
 H - a wand of polymorph (6)
Scrolls
 d - 4 scrolls of fear
 e - 6 scrolls of teleportation
 f - 9 scrolls of immolation
 i - 5 scrolls of enchant weapon
 j - a scroll of silence
 r - 6 scrolls of identify
 D - 2 scrolls of blinking
 L - 2 scrolls of enchant armour
Potions
 b - a potion of might
 c - 3 potions of attraction
 h - 3 potions of mutation
 s - 4 potions of heal wounds
 u - 2 potions of invisibility
 v - 2 potions of enlightenment
 z - 5 potions of curing
 B - 2 potions of ambrosia
 C - 2 potions of haste
 F - a potion of cancellation
 K - a potion of resistance


   Skills:
 + Level 14.1 Fighting
 + Level 16.6 Polearms
 + Level 12.4 Throwing
 + Level 10.2 Armour
 * Level 5.3 Dodging
 - Level 3.3 Stealth
 + Level 12.2 Evocations


You had 16 spell levels left.
You didn't know any spells.
Your spell library was empty.

Dungeon Overview and Level Annotations

Branches:
Dungeon (15/15)            Temple (0/1) D:4            Lair (5/5) D:9
 Shoals (0/4) Lair:3       Spider (2/4) Lair:3        Slime (0/5) Lair:4
    Orc (2/2) D:10            Elf (0/3) Orc:2        Vaults (0/5) D:13
 Depths (0/4) D:15         Bailey (visited)

Altars:
Ashenzari
Cheibriados
Dithmenos
Kikubaaqudgha
Qazlal
Ru
Trog
Vehumet
Wu Jian
Xom
Zin
Jiyva

Shops:
Orc:1 *   Orc:2 =:[[

Annotations:
Orc:1 2 runed translucent doors, exclusion: orange crystal statue


Innate Abilities, Weirdness & Mutations

You can wield a second weapon in your off-hand.
It takes a long time for you to wield or remove held weapons.
Your first few attacks do less damage.
You cannot equip rings or amulets.


Message History

You puncture the torpor snail with your +7 trident!
The torpor snail is severely wounded.
You puncture the torpor snail with your +5 trident of venom!
You kill the torpor snail!
Trog accepts your kill.
You feel yourself speed up.
* * * LOW HITPOINT WARNING * * *
You feel very sick.
The jumping spider leaps!
The wolf spider hits you but does no damage.
The wolf spider bites you but does no damage.
The wolf spider hits you!
* * * LOW HITPOINT WARNING * * *
The wolf spider bites you but does no damage.
The redback closely misses you.
Unknown command.
Reach: a) +7 trident {Miranda}
Press: ? - help, Dir - move target, f - wolf spider
Aim: a wolf spider (about 24% to evade your +7 trident)
You impale the wolf spider with your +5 trident of venom!!
The wolf spider is heavily wounded.
You impale the wolf spider with your +7 trident!!
You kill the wolf spider!
Trog accepts your kill.
* * * LOW HITPOINT WARNING * * *
You feel sick.
A culicivora comes into view.
The jumping spider leaps!
The wolf spider hits you but does no damage.
The wolf spider bites you but does no damage.
Unknown command.
You hit the jumping spider with your +5 trident of venom.
The jumping spider is poisoned.
The jumping spider is almost dead.
You puncture the jumping spider with your +7 trident!
You kill the jumping spider!
Trog accepts your kill.
* * * LOW HITPOINT WARNING * * *
You feel sick. The redback bites you!
You die...

#...............^....#^##
.##..##.......##...........
.....##.##....##†##........
........##..#....##.##..###
.#.(.......##.......##..#
........................#
.........#.......#.....†###
.........##############....
.....s..ws@# #...##
^...?....ss# #.###
....s.°...s# #.#
.....##....# #.# ....#
##^>.# #.## # ...# ###.#
#..##. .. ### #..#.. ##.^..
##..=


You could see a steelbarb worm, a wolf spider (poisoned), a culicivora and 4
redbacks.

Vanquished Creatures
  Kirke (D:13)
  An emperor scorpion (Spider:2)
  A very ugly thing (D:15)
  A fire dragon (Lair:5)
  5 hydras
  An ice dragon (Lair:5)
  A vault guard (D:13)
  2 rakshasas
  6 centaur warriors
  An ogre mage (D:15)
  4 boulder beetles
  A jorogumo (Spider:1)
  11 two-headed ogres
  A dancing weapon (D:13)
  2 catoblepae (Lair:3)
  A tengu warrior (D:15)
  8 death yaks
  4 demonic crawlers (Spider:1)
  Urug (D:13)
  5 orc high priests
  Amaemon (D:9)
  Sonja (D:13)
  2 skysharks (Lair:4)
  5 skeletal warriors (D:15)
  A swamp dragon (Lair:5)
  A steelbarb worm (shapeshifter) (D:15)
  A glowing orange brain (D:15)
  8 orc knights
  2 orb spiders (Spider:2)
  2 harpies (Lair:3)
  3 steelbarb worms
  3 lindwurms (Lair:5)
  A lindwurm (shapeshifter) (D:13)
  14 ugly things
  9 wolf spiders
  5 orc sorcerers
  7 cyclopes
  6 manticores
  8 elephants
  A meliai (shapeshifter) (D:14)
  3 meliai (D:15)
  4 kobold blastminers
  3 black mambas
  Joseph (D:10)
  4 gargoyles
  6 torpor snails
  13 cane toads
  3 unseen horrors
  9 rime drakes
  8 komodo dragons
  An efreet (D:13)
  A queen bee (Lair:2)
  4 trolls
  3 tyrant leeches (Lair:5)
  4 polar bears
  7 hornets
  15 tarantellas
  12 blink frogs
  12 jumping spiders
  A vampire (D:12)
  6 slime creatures
  2 wraiths
  3 culicivoras
  A centaur simulacrum (D:15)
  7 wyverns
  3 basilisks
  51 yaks
  3 wargs
  3 steam dragons
  9 vampire mosquitoes
  Menkaure (D:4)
  10 redbacks
  Edmund (D:5)
  2 acid dragons
  9 water moccasins
  An ice beast (D:6)
  2 swamp drakes (Lair:5)
  5 black bears
  33 orc warriors
  8 ogres
  2 sky beasts
  22 centaurs
  20 wolves
  7 kobold brigands
  4 phantoms
  16 bullfrogs
  4 gnoll sergeants (D:10)
  6 scorpions
  22 wights
  37 killer bees
  5 electric eels (Bailey)
  3 howler monkeys
  14 jellies
  6 hounds
  16 orc priests
  5 gnoll boudas
  7 iguanas
  A sleepcap (D:8)
  34 orc wizards
  8 hell rats
  9 adders
  27 gnolls
  A shadow imp (D:5)
  6 ufetubi
  4 dart slugs
  2 ribbon worms (D:2)
  100 orcs
  7 endoplasms
  2 giant cockroaches
  10 goblins
  9 hobgoblins
  4 jackals (D:1)
  5 quokkas
  7 ball pythons
  9 bats
  23 kobolds
  5 rats
882 creatures vanquished.

Vanquished Creatures (collateral kills)
  An orc knight (D:15)
  A cane toad (Lair:2)
  An orange demon (D:9)
  2 wyverns (Lair:2)
  A basilisk (Lair:2)
  4 yaks (Lair:2)
  2 orc warriors
  2 killer bees (Lair:2)
  An orc (Orc:1)
15 creatures vanquished.

Vanquished Creatures (others)
  An orc wizard (D:7)
1 creature vanquished.

Grand Total: 898 creatures vanquished

Notes
Turn   | Place    | Note
-------+----------+-------------------------------------------
     0 | D:1      | jejorda2 the Coglin Berserker began the quest for the Orb.
     0 | D:1      | Reached XP level 1. HP: 18/18 MP: 1/1
    53 | D:1      | Reached XP level 2. HP: 10/24 MP: 2/2
   172 | D:1      | Reached skill level 3 in Polearms
   540 | D:1      | Reached XP level 3. HP: 29/29 MP: 3/3
   595 | D:1      | Reached ** piety under Trog
  1029 | D:2      | Reached XP level 4. HP: 13/36 MP: 4/4
  2248 | D:4      | Reached *** piety under Trog
  2289 | D:4      | Reached skill level 4 in Polearms
  2430 | D:4      | Found a staircase to the Ecumenical Temple.
  2475 | D:4      | Noticed Menkaure
  2491 | D:4      | Killed Menkaure
  2492 | D:4      | Reached skill level 5 in Polearms
  2492 | D:4      | Reached XP level 5. HP: 43/43 MP: 5/5
  2492 | D:4      | Reached XP level 6. HP: 49/49 MP: 6/6
  2768 | D:4      | Found an ornate altar of the Wu Jian Council.
  2936 | D:5      | Entered Level 5 of the Dungeon
  3055 | D:5      | Noticed Edmund
  3067 | D:5      | Killed Edmund
  3140 | D:5      | Reached skill level 5 in Fighting
  3140 | D:5      | Reached XP level 7. HP: 50/56 MP: 7/7
  3166 | D:5      | Reached skill level 6 in Polearms
  3171 | D:5      | Identified the +5 scale mail of the Exceptional God {rF+
                  | Int+2}
  3422 | D:5      | Reached skill level 7 in Polearms
  3422 | D:5      | Reached XP level 8. HP: 64/64 MP: 8/8
  3904 | D:6      | Found a radiant altar of Vehumet.
  3973 | D:6      | Found an ancient bone altar of Kikubaaqudgha.
  4305 | D:6      | Reached skill level 8 in Polearms
  4603 | D:6      | Reached XP level 9. HP: 69/69 MP: 9/9
  4816 | D:6      | Reached **** piety under Trog
  4817 | D:6      | Reached skill level 9 in Polearms
  4853 | D:7      | Found a shadowy altar of Dithmenos.
  5017 | D:7      | Identified the +0 ring mail "Fyzu" {Dex+2}
  5220 | D:7      | Reached skill level 5 in Armour
  5336 | D:7      | Found a snail-covered altar of Cheibriados.
  5337 | D:7      | Found a shimmering altar of Xom.
  5341 | D:7      | Reached skill level 10 in Polearms
  5409 | D:7      | Found a sacrificial altar of Ru.
  5409 | D:7      | Found a broken altar of Ashenzari.
  6005 | D:8      | Reached ***** piety under Trog
  6242 | D:8      | Reached XP level 10. HP: 64/76 MP: 10/10
  6872 | D:8      | Reached skill level 11 in Polearms
  7185 | D:9      | Reached skill level 1 in Throwing
  7187 | D:9      | Found a stormy altar of Qazlal.
  7188 | D:9      | Found a glowing silver altar of Zin.
  7206 | D:9      | Noticed Amaemon
  7208 | D:9      | Noticed an orange demon
  7220 | D:9      | Killed an orange demon
  7231 | D:9      | Killed Amaemon
  7240 | D:9      | HP: 5/114 [poisoned by Amaemon]
  7241 | D:9      | HP: 2/76 [poisoned by Amaemon]
  7314 | D:9      | Found a flagged portal.
  7337 | Bailey   | Entered a bailey
  7590 | Bailey   | Reached skill level 12 in Polearms
  8151 | Bailey   | Found an iron altar of Okawaru.
  8151 | Bailey   | Noticed an orc high priest
  8151 | Bailey   | Noticed an orc sorcerer
  8157 | Bailey   | Killed an orc high priest
  8159 | Bailey   | Killed an orc sorcerer
  8160 | Bailey   | Reached XP level 11. HP: 81/81 MP: 11/11
  8238 | Bailey   | Identified the +8 dagger "Eviscerator" {freeze, +Blink}
  8826 | D:9      | Found a staircase to the Lair.
  8912 | D:9      | Reached skill level 13 in Polearms
  8912 | D:9      | Reached skill level 5 in Throwing
  9228 | D:10     | Entered Level 10 of the Dungeon
  9365 | D:10     | Found a staircase to the Orcish Mines.
  9815 | D:10     | Noticed Joseph
  9824 | D:10     | Killed Joseph
 10001 | D:10     | Received a gift from Trog
 10581 | Lair:1   | Entered Level 1 of the Lair of Beasts
 10651 | Lair:1   | Reached skill level 14 in Polearms
 10812 | Lair:1   | Reached skill level 1 in Evocations
 11186 | Lair:1   | Reached XP level 12. HP: 81/88 MP: 12/12
 11562 | Lair:2   | Reached skill level 5 in Evocations
 11731 | Lair:2   | Received a gift from Trog
 11977 | Lair:2   | Reached skill level 10 in Throwing
 12057 | Lair:2   | Reached XP level 13. HP: 91/96 MP: 13/13
 12795 | Lair:3   | Found a staircase to the Shoals.
 13064 | Lair:3   | Identified the +7 bardiche "Itisk" {flame, rF+} (Trog
                  | gifted it to you on level 3 of the Lair of Beasts)
 13064 | Lair:3   | Received a gift from Trog
 13552 | Lair:3   | Found a hole to the Spider Nest.
 14174 | Lair:4   | Reached XP level 14. HP: 47/109 MP: 14/14
 14174 | Lair:4   | Acquired a secondary encabulator {Gadgeteer, rPois rCorr
                  | Slay+3}
 14362 | Lair:4   | Reached skill level 10 in Fighting
 14421 | Lair:4   | Found a staircase to the Slime Pits.
 14421 | Lair:4   | Found a viscous altar of Jiyva.
 14625 | Lair:4   | Reached skill level 1 in Stealth
 15066 | Lair:5   | Entered Level 5 of the Lair of Beasts
 15133 | Lair:5   | Received a gift from Trog
 15518 | Lair:5   | HP: 1/111 [ice dragon/blast of cold (45)]
 16199 | Lair:5   | Reached skill level 15 in Polearms
 17155 | D:11     | Reached XP level 15. HP: 102/119 MP: 15/15
 17283 | D:11     | Reached skill level 10 in Evocations
 17485 | D:11     | Found a broken altar of Ashenzari.
 17701 | D:11     | Received a gift from Trog
 18377 | D:12     | Identified the +1 chain mail "Opul" {rF+ rC+ Dex-5}
 18704 | D:13     | Noticed Sonja
 18716 | D:13     | Killed Sonja
 19278 | D:13     | Noticed Urug
 19285 | D:13     | Killed Urug
 19286 | D:13     | Noticed Kirke
 19297 | D:13     | Killed Kirke
 19298 | D:13     | Received a gift from Trog
 19354 | D:13     | Found a gate to the Vaults.
 19586 | D:13     | Found a bloodstained altar of Trog.
 20600 | D:15     | Entered Level 15 of the Dungeon
 20619 | D:15     | Found a stormy altar of Qazlal.
 20919 | D:15     | Paralysed by something for 3 turns
 21007 | D:15     | Reached XP level 16. HP: 129/129 MP: 16/16
 21255 | D:15     | Reached skill level 16 in Polearms
 21311 | D:15     | Found a staircase to the Depths.
 22142 | Orc:1    | Entered Level 1 of the Orcish Mines
 22239 | Orc:1    | Found a runed translucent door.
 22266 | Orc:1    | Found a runed translucent door.
 22275 | Orc:1    | Found the +10 tower shield of Ignorance {rN+ Int-4}
 22572 | Orc:1    | Found Guefahez's General Store.
 22852 | Orc:2    | Entered Level 2 of the Orcish Mines
 22852 | Orc:2    | Found a staircase to the Elven Halls.
 23114 | Orc:2    | Received a gift from Trog
 23698 | Orc:2    | Found Gathraont's Armour Boutique.
 23698 | Orc:2    | Found Zavvaf's Antique Armour Shoppe.
 23771 | Orc:2    | Found Hifu Uha's Book Boutique.
 23771 | Orc:2    | Found Xerphuts's Jewellery Shoppe.
 23782 | Orc:2    | Bought a glowing chain mail for 240 gold pieces
 23782 | Orc:2    | Bought a glowing plate armour for 832 gold pieces
 23782 | Orc:2    | Bought a glowing cloak for 240 gold pieces
 24010 | Spider:1 | Entered Level 1 of the Spider Nest
 24266 | Spider:1 | Identified the +2 robe of the Rotten Shrike {rElec}
 24782 | Spider:1 | HP: 9/198 [wolf spider (14)]
 25021 | Spider:1 | Identified the +11 rapier of the Absolute Madman {vamp, rF+
                  | Will+ Str+3 Dex-5}
 25032 | Spider:1 | Identified the +2 chain mail of Immorality {Str+5 Int-3}
 25089 | Spider:1 | Reached skill level 10 in Armour
 25089 | Spider:1 | Reached skill level 5 in Dodging
 25516 | Spider:2 | Reached XP level 17. HP: 97/139 MP: 17/17
 25526 | Spider:2 | HP: 7/208 [wolf spider (12)]
 25528 | Spider:2 | Slain by a redback

Illustrated notes

Levels and vault maps discovered:
D:1:      dpeg_arrival_round_a, layout_loops_cross
D:2:      layout_basic, hex_large
D:3:      layout_loops_ring
D:4:      layout_loops_cross, nicolae_overflow_crystal_walls,
          minmay_temple_entry_junction, uniq_menkaure
D:5:      layout_rooms, minmay_pentangle, uniq_edmund
D:6:      layout_basic, nicolae_vehumet_radiance, kiku_gazebo_garden_becter
D:7:      layout_loops_ring, grunt_temple_overflow_open, lightli_orcish_oven
D:8:      layout_loops_corners, nicolae_straight_to_the_point
D:9:      layout_small_grid, chequers_temple_overflow_statue_of_worship,
          erik_lair_island, enter_bailey_4, uniq_amaemon
D:10:     kennysheep_seaside_town, layout_gridville,
          kennysheep_orc_monster_closet_entryway, uniq_joseph
D:11:     cheibrodos_statue_roulette, layout_cross, serial_column_ruins,
          column_ruins_square_medium, column_ruins_grid_1,
          column_ruins_open_medium, column_ruins_grid_2,
          nicolae_ashenzari_skybound
D:12:     layout_cave_pools
D:13:     layout_basic, erik_vaults_1, trog_butcher_becter, uniq_sonja,
          uniq_urug, uniq_kirke
D:14:     layout_roguey, corner_web_ring
D:15:     gammafunk_enter_depths_forms, layout_loops_corners, nrook_mini_vaults,
          nicolae_qazlal_general_emergency
Lair:1:   layout_regular_city, serial_bayou_shore_b
Lair:2:   hangedman_what_comes_after_a, layout_gridlike, gauntlet_entry_generic,
          beast_lair_carwin_11, lemuel_fruit_tree
Lair:3:   nzn_motion_control, layout_regular_city, nicolae_shoals_entry_roost,
          dummy_spider_entry, beast_lair_carwin_5, infiniplex_staircase_pool_2
Lair:4:   layout_regular_city, minmay_slime_entry_jelly_boxes
Lair:5:   guppyfry_lair_end_dragon, layout_regular_city, wormcave,
          nicolae_volcano_entry_vermiform
Spider:1: nicolae_spider_mines_3
Spider:2: layout_cave_pods, hangedman_spider_tarantella_strand, uniq_arachne
Orc:1:    layout_caves, serial_shops, shop, chequers_guarded_unrand_ignorance
Orc:2:    grunt_orc_tribal_feast, layout_caves,
          regret_index_minedec_guest_junction

Skill      XL: |  1  2  3  4  5  6  7  8  9 10 11 12 13 14 15 16 |
---------------+-------------------------------------------------+-----
Dodging        | 2 3 5 |  5.3
Polearms       | 3 5 7 8 10 12 14 15 16 | 16.6
Fighting       | 4 5 6 7 9 11 12 14 | 14.1
Armour         | 3 5 6 7 8 10 | 10.2
Throwing       | 4 6 10 11 12 | 12.4
Evocations     | 3 7 9 11 12 | 12.2
Stealth        | 2 3 |  3.3

Action                     |  1- 3 |  4- 6 |  7- 9 | 10-12 | 13-15 | 16-18 || total
---------------------------+-------+-------+-------+-------+-------+-------++-------
  Melee: Spear             |   107 |    88 |   239 |       |       |       ||   434
         Dagger            |    27 |       |       |       |       |       ||    27
         Short sword       |    50 |    71 |   207 |       |       |       ||   328
         Trident           |       |       |   237 |  1032 |  1624 |   773 ||  3666
  Throw: Dart              |       |       |     4 |    27 |    23 |    28 ||    82
         Boomerang         |       |       |       |    20 |     3 |       ||    23
 Invoke: Berserk           |       |     2 |     3 |     7 |     9 |     6 ||    27
         Trog's Hand       |       |     1 |     3 |     9 |     6 |     4 ||    23
         Brothers in Arms  |       |       |       |     3 |     1 |     1 ||     5
Ability: Invent Gizmo      |       |       |       |       |     1 |       ||     1
  Evoke: Wand              |       |       |       |       |       |     4 ||     4
    Use: Potion            |       |       |     3 |     1 |       |     1 ||     5
         Scroll            |       |       |    16 |     8 |     5 |       ||    29
   Stab: Sleeping          |     2 |       |       |       |     6 |       ||     8
         Distracted        |       |       |       |       |     5 |       ||     5
         Paralysed         |       |       |       |       |       |     3 ||     3
 Armour: Animal skin       |    16 |       |       |       |       |       ||    16
         Ring mail         |    38 |     9 |       |       |       |       ||    47
         Scale mail        |       |    42 |   214 |   280 |    52 |       ||   588
         Chain mail        |       |     8 |     7 |       |   122 |   357 ||   494
         Skin              |       |       |    40 |       |       |       ||    40
         Shadow dragon sca |       |       |       |       |   314 |       ||   314
  Dodge: Dodged            |    42 |    53 |   143 |   154 |   214 |   161 ||   767

Table legend: (Time is in decaauts)
 A = Elapsed time spent in this place.
 B = Non-inter-level travel time spent in this place.
 C = Inter-level travel time spent in this place.
 D = Time resting spent in this place.
 E = Time spent auto-exploring this place.
 F = Levels seen in this place.
 G = Mean time per level.
                   A        B        C        D        E       F      G
               +--------+--------+--------+--------+--------+-----+--------+
         Total |  24969 |  23471 |   1498 |   1951 |  16569 |  25 |  998.8 |
       Dungeon |  14357 |  13474 |    883 |    677 |  10349 |  15 |  957.1 |
          Lair |   6296 |   5778 |    518 |    171 |   3933 |   5 | 1259.2 |
   Spider Nest |   1358 |   1324 |     34 |    378 |    713 |   2 |  679.0 |
  Orcish Mines |   1641 |   1580 |     61 |     99 |   1103 |   2 |  820.5 |
        Bailey |   1317 |   1317 |      0 |    624 |    469 |   1 | 1317.0 |
               +--------+--------+--------+--------+--------+-----+--------+

Top non-repeatable levels by time:
  Lair:5: 1670 daAuts
  Lair:3: 1504 daAuts
    D:15: 1408 daAuts
    D:10: 1348 daAuts
  Bailey: 1317 daAuts
    D:13: 1221 daAuts
     D:8: 1185 daAuts
  Lair:2: 1163 daAuts
     D:7: 1064 daAuts
     D:6: 1045 daAuts
Spider:1: 1033 daAuts
  Lair:4: 994 daAuts
  Lair:1: 963 daAuts
   Orc:2: 951 daAuts
    D:11: 934 daAuts
